Map: Abyssal Reef LE

Players

Raze - Winner!

  • Race: Terran Terran
  • League: Grandmaster
  • Spawn Location: 11:00

Railgan

  • Race: Zerg Zerg
  • League: Grandmaster
  • Spawn Location: 5:00

VOD

Have the link to the VOD?

Description

Time

  • Played on: March 25, 2017, 6:33 p.m.
  • Length: 16:09
Show
View Real Time Build Order
Export as new Build Order

Raze Terran - Winner!

Build Orders: Mech, Banshee Rush 

Get SALT Encoding   

  12  0:00  SCV  
  13  0:12  SCV  
  14  0:17  Supply Depot  
  14  0:24  SCV  
  15  0:29  Refinery  
  15  0:38  SCV  
  16  0:45  Barracks  
  16  0:50  SCV  
  17  1:03  SCV  
  18  1:15  SCV  
  19  1:31  Orbital Command  
  19  1:32  Barracks Reactor  
  19  1:43  Command Center  
  19  1:53  Factory  
  19  1:57  SCV  
  20  2:05  Supply Depot  
  20  2:09  Marine  
  20  2:10  Marine  
  20  2:12  SCV  
  23  2:26  Refinery, SCV  
  23  2:27  Marine  
  23  2:28  Marine  
  26  2:38  Starport  
  26  2:39  SCV  
  26  2:41  Factory Tech Lab  
  27  2:47  Marine x2  
  27  2:51  SCV  
  30  2:58  Orbital Command  
  30  3:03  SCV  
  31  3:12  Hellion  
  33  3:15  SCV  
  33  3:16  Hellion  
  36  3:21  Cloaking Field  
  36  3:27  Banshee  
  36  3:30  SCV  
  36  3:33  SCV  
  41  3:38  Supply Depot  
  41  3:47  Hellion x2  
  44  3:49  SCV x2  
  46  3:58  Supply Depot  
  46  4:01  Supply Depot  
  46  4:02  SCV x2  
  48  4:10  Viking  
  48  4:15  SCV x2  
  52  4:25  Cyclone x2  
  52  4:27  SCV x2  
  52  4:30  Supply Depot  
  60  4:39  SCV x2  
  56  5:08  Banshee  
  56  5:09  Hellion x2, SCV x2  
  63  5:15  Command Center  
  63  5:18  Engineering Bay  
  63  5:20  Factory  
  63  5:21  Factory, Refinery  
  63  5:22  Refinery  
  63  5:23  Barracks Tech Lab  
  63  5:25  SCV x2  
  65  5:30  Hellion x2  
  69  5:41  SCV x2  
  69  5:42  Supply Depot  
  71  5:49  Barracks Tech Lab  
  70  5:52  Hellion x2  
  70  5:53  Command Center  
  74  5:57  Banshee  
  77  6:11  Armory x2  
  77  6:13  SCV x2  
  79  6:25  Siege Tank, Hellion  
  84  6:35  SCV x2  
  84  6:38  Siege Tank  
  84  6:39  Supply Depot  
  89  6:43  Banshee  
  92  6:55  SCV x2  
  92  7:00  Siege Tank  
  97  7:03  Supply Depot  
  97  7:05  Hellion x2  
  101  7:10  Siege Tank  
  101  7:14  Infernal Pre-Igniter  
  104  7:16  SCV x2  
  106  7:28  Refinery  
  105  7:30  Orbital Command  
  105  7:31  SCV x2  
  105  7:32  Refinery  
  105  7:33  Terran Vehicle Weapons Level 1, Terran Vehicle And Ship Armor Level 1  
  107  7:43  SCV x2  
  109  7:51  Sensor Tower  
  109  7:55  SCV x2  
  111  7:59  Siege Tank  
  111  8:00  Siege Tank, Hellion x2  
  111  8:03  SCV  
  120  8:07  SCV  
  120  8:11  Starport Reactor  
  121  8:14  SCV  
  121  8:15  SCV  
  123  8:21  Hellion  
  125  8:35  Supply Depot x2  
  125  8:45  SCV x2  
  125  8:47  Hellion, SCV  
  124  8:53  Siege Tank  
  125  8:57  Siege Tank, Hellion  
  130  9:08  Hellion  
  132  9:18  Hellion  
  132  9:21  SCV x3  
  132  9:22  Factory  
  132  9:23  Factory  
  137  9:25  Siege Tank  
  137  9:29  Command Center  
  137  9:30  Siege Tank, Hellion  
  141  9:34  Liberator x2  
  114  9:50  Hellion  
  114  9:51  Hellion  
  115  9:56  Terran Vehicle And Ship Armor Level 2, Terran Vehicle Weapons Level 2  
  115  9:57  Siege Tank  
  115  10:03  Siege Tank  
  115  10:12  Hellion  
  115  10:13  Hellion  
  119  10:15  Supply Depot x2, Factory Reactor, Refinery  
  119  10:16  Siege Tank  
  119  10:17  Liberator x2  
  119  10:20  Refinery  
  122  10:29  Siege Tank  
  122  10:33  Hellion  
  122  10:34  Hellion  
  132  10:42  Siege Tank  
  133  10:47  Planetary Fortress  
  133  10:48  Siege Tank  
  134  10:54  Hellion x2  
  134  11:04  Siege Tank  
  134  11:05  Hellion x2  
  134  11:09  Command Center  
  141  11:12  Supply Depot  
  141  11:14  Missile Turret, Siege Tank  
  141  11:17  Supply Depot, Viking x2  
  148  11:20  Sensor Tower  
  148  11:25  Siege Tank  
  153  11:26  Hellion  
  153  11:33  Sensor Tower  
  153  11:39  Siege Tank  
  156  11:46  Siege Tank  
  159  11:47  Viking  
  161  11:56  Viking  
  160  12:08  Thor  
  166  12:17  Viking  
  166  12:20  Siege Tank x2  
  166  12:21  Hellion x2  
  178  12:26  Viking  
  176  12:51  Thor  
  179  12:52  Supply Depot x3, Thor  
  179  12:54  Supply Depot x2  
  179  12:56  Supply Depot  
  179  12:57  Supply Depot  
  177  13:08  Supply Depot  
  177  13:10  Supply Depot  
  177  13:12  Supply Depot  
  164  13:13  Viking  
  164  13:14  Viking  
  164  13:16  Hellion  
  164  13:17  Hellion  
  167  13:30  Planetary Fortress  
  165  13:39  Supply Depot  
  165  13:41  Supply Depot  
  165  13:47  Supply Depot x2  
  155  13:51  Supply Depot  
  155  13:52  Supply Depot  
  155  13:53  Refinery  
  155  13:56  Refinery  
  155  14:16  Starport x2  
  155  14:21  Command Center  
  149  14:42  Viking x2  
  149  14:44  Siege Tank x2, Hellion  
  149  14:45  Hellion x3  
  161  15:11  Thor  
  161  15:12  Starport Tech Lab x2  
  161  15:16  Thor  
Show
View Real Time Build Order
Export as new Build Order

Railgan Zerg 

Build Orders: Pool First 

Get SALT Encoding   

  12  0:01  Drone  
  13  0:13  Overlord  
  13  0:17  Drone  
  14  0:32  Drone x2  
  17  0:35  Drone  
  17  0:46  Spawning Pool  
  17  0:48  Drone  
  17  0:57  Drone  
  18  1:13  Extractor, Hatchery  
  18  1:17  Drone  
  17  1:20  Drone  
  18  1:33  Zergling x2, Queen  
  21  1:40  Drone  
  22  1:50  Overlord  
  22  2:09  Drone, Queen  
  22  2:12  Drone  
  26  2:18  Metabolic Boost  
  27  2:22  Drone  
  27  2:25  Queen  
  27  2:27  Drone  
  30  2:36  Drone x2  
  32  2:41  Overlord  
  32  2:42  Drone x2  
  34  2:46  Drone  
  34  2:47  Drone  
  36  2:56  Evolution Chamber  
  36  2:57  Drone  
  36  3:01  Drone  
  37  3:09  Overlord  
  37  3:10  Drone  
  38  3:18  Drone x3  
  41  3:20  Drone x2  
  43  3:30  Drone  
  43  3:31  Zerg Ground Armor Level 1  
  44  3:34  Queen  
  44  3:35  Drone x3  
  44  3:36  Extractor, Drone  
  44  3:40  Extractor  
  48  3:42  Drone  
  48  3:43  Overlord  
  49  3:49  Overlord  
  49  3:51  Drone x2  
  51  3:55  Drone  
  51  3:58  Lair  
  52  4:05  Extractor  
  52  4:07  Drone  
  52  4:08  Drone  
  53  4:12  Baneling Nest  
  53  4:16  Zergling x8  
  56  4:19  Overlord  
  56  4:22  Zergling x6  
  59  4:27  Overlord  
  59  4:34  Drone  
  60  4:42  Spore Crawler  
  60  4:44  Spore Crawler  
  60  4:45  Drone x4  
  50  4:57  Drone x5  
  50  4:58  Drone  
  54  5:06  Drone  
  49  5:13  Drone  
  46  5:14  Drone x3  
  46  5:17  Drone  
  46  5:20  Hydralisk Den  
  49  5:26  Drone  
  51  5:28  Drone  
  52  5:35  Drone  
  52  5:36  Drone x3  
  55  5:48  Zergling x2  
  55  5:49  Zergling x6  
  59  5:54  Hydralisk x2  
  59  5:55  Muscular Augments  
  63  6:02  Hydralisk  
  63  6:03  Hydralisk  
  67  6:04  Hydralisk  
  67  6:06  Hydralisk  
  71  6:15  Zerg Ground Armor Level 2  
  71  6:17  Drone x2  
  73  6:23  Drone x2  
  73  6:25  Drone  
  75  6:29  Evolution Chamber  
  74  6:38  Overseer  
  74  6:42  Hydralisk  
  74  6:44  Overlord  
  76  6:47  Hatchery  
  75  6:57  Overlord  
  75  6:59  Overlord  
  75  7:00  Zerg Missile Weapons Level 1  
  74  7:03  Drone  
  74  7:05  Hydralisk x2  
  79  7:15  Drone  
  80  7:17  Lurker Den  
  80  7:18  Drone  
  80  7:19  Pneumatized Carapace  
  81  7:22  Hydralisk  
  81  7:23  Hydralisk  
  85  7:35  Drone x3  
  85  7:36  Drone x3  
  90  7:40  Overlord  
  90  7:42  Drone  
  91  7:45  Infestation Pit  
  91  7:47  Drone  
  91  7:49  Drone  
  91  7:50  Drone  
  91  7:51  Drone x2  
  95  8:04  Drone x3  
  95  8:05  Drone x3  
  101  8:11  Overlord  
  101  8:12  Hydralisk  
  101  8:15  Drone  
  104  8:24  Extractor  
  104  8:25  Extractor  
  102  8:27  Hive  
  102  8:28  Hydralisk x2  
  102  8:31  Hydralisk  
  108  8:34  Hydralisk x2  
  108  8:37  Overlord  
  108  8:38  Hydralisk  
  114  8:42  Baneling x3  
  114  8:43  Hatchery  
  104  8:50  Hydralisk x2  
  104  8:51  Hydralisk x2  
  109  8:58  Hydralisk  
  109  8:59  Hydralisk x2  
  109  9:01  Hydralisk  
  116  9:19  Lurker  
  116  9:20  Lurker, Zergling x4, Queen x2  
  116  9:21  Hydralisk  
  126  9:26  Hydralisk  
  118  9:36  Hydralisk  
  102  9:39  Hydralisk  
  102  9:44  Hydralisk  
  74  9:56  Hydralisk  
  74  9:57  Hydralisk x6  
  86  10:02  Overseer  
  86  10:03  Queen  
  84  10:20  Viper  
  87  10:22  Zergling x12  
  87  10:24  Hatchery  
  92  10:34  Drone  
  92  10:35  Drone x12  
  90  10:59  Viper x2  
  96  11:09  Zergling x2  
  96  11:10  Zergling x12  
  103  11:12  Drone x2  
  105  11:22  Hydralisk  
  105  11:23  Hydralisk x2  
  111  11:31  Queen x2  
  111  11:32  Queen  
  117  11:35  Hydralisk  
  117  11:36  Hydralisk x5  
  117  11:37  Zergling x4  
  131  11:44  Overlord  
  131  11:45  Overlord  
  131  11:50  Hydralisk  
  131  11:51  Hydralisk  
  131  12:04  Hydralisk  
  131  12:05  Hydralisk x6  
  131  12:07  Queen  
  135  12:18  Hydralisk x5  
  145  12:28  Hydralisk  
  138  12:33  Hydralisk x5  
  138  12:34  Zergling x2  
  133  12:55  Hydralisk x4  
  131  12:59  Hydralisk  
  127  13:09  Hydralisk x3  
  130  13:14  Hydralisk  
  86  13:54  Drone x9, Spawning Pool  
  91  14:17  Extractor  
  91  14:18  Extractor, Hatchery  
  88  14:55  Zergling x4  
  88  14:56  Zergling x2  
  88  15:22  Hatchery  
  87  15:35  Zergling x10  
Tags
 
Composition
Mech
Matchup
TvZ
Opening
Pool First
Replay Pack
Railgan Replays
Spawn Locations
Cross Positions
Strategy
Banshee Rush
Add a new tag
Caveats
  • Supply blocks, unpowered buildings, or Contaminate may cause inaccurate times.
  • Supply counts are checked every 10 seconds.